AoeStats
← Just Hhiji

Arena

509217661Analyzed
4v4 RM · 6d ago on Sep 25, 2026· 51m 38s· 8 players
Game mode
Random Map
Map size
Large (8 player)
Population
200
Speed
Normal
Resources
Standard
Victory
Conquest
Starting age
Dark Age
Ending age
Imperial Age
RankedLock teamsTeams togetherTeam positionsShared explorationLock speedFull tech treeHidden civsTurbo modeCheats
Victory
Defeat
🇺🇸 Maya · United States
1095
+15
🇵🇰 Malay · Pakistan
1034
+17
🇪🇸 Bengalis · Spain
1033
+17
🇪🇸 Berbers · Spain
992
+20
🇦🇷 Turks · Argentina
1080
-18
🇨🇦 Khmer · Canada
1079
-18
🇨🇦 Saxons · Canada
1078
-18
🇨🇱 Persians · Chile
1000
-45
Apostate of Hate
0:32 Loom
10:24 Feudal Age
14:56 Castle Age
12:55 Double-Bit Axe
12:51 Horse Collar
16:35 Bow Saw
24:12 Elite Skirmisher
25:56 Ballistics
25:52 Eagle Warrior
26:32 Squires
26:31 Fletching
26:52 Forging
27:37 Heavy Plow
29:54 Wheelbarrow
29:20 Arson
32:57 Imperial Age
29:49 Pikeman
30:57 Scale Mail Armor
32:42 Chain Mail Armor
32:23 Bodkin Arrow
32:11 Treadmill Crane
33:20 Town Watch
33:19 Halberdier
35:09 Conscription
36:10 Two-Man Saw
35:09 Gold Mining
35:13 Stone Mining
36:05 Hul'che Javelineers
37:15 Thumb Ring
37:20 Bracer
38:46 Elite Eagle Warrior
42:34 Holcans
43:37 Chemistry
43:48 Padded Archer Armor
44:24 Iron Casting
47:45 Hand Cart
47:08 Capped Ram
49:35 Plate Mail Armor
50:52 Murder Holes
Caballo Loco
10:44 Feudal Age
12:19 Wheelbarrow
12:05 Loom
15:23 Castle Age
13:49 Double-Bit Axe
13:54 Horse Collar
17:05 Fervor
18:12 Forging
21:23 Stone Mining
21:58 Gold Mining
23:18 Bow Saw
25:50 Fletching
26:41 Redemption
30:44 Imperial Age
28:59 Sanctity
30:38 Gold Shaft Mining
30:21 Hand Cart
30:34 Bloodlines
30:25 Husbandry
31:02 Iron Casting
31:14 Bodkin Arrow
31:05 Town Watch
32:27 Conscription
32:17 Paiks
32:34 Elite Battle Elephant
33:59 Scale Barding Armor
35:45 Blast Furnace
36:41 Heavy Plow
37:42 Two-Man Saw
36:24 Elite Ratha (Ranged)
38:53 Chain Barding Armor
38:36 Bracer
39:40 Ballistics
40:21 Chemistry
39:32 Masonry
39:18 Murder Holes
39:09 Arrowslits
42:55 Crop Rotation
43:30 Plate Barding Armor
48:55 Architecture
48:31 Siege Engineers
ramis7_7
10:37 Feudal Age
15:10 Castle Age
13:23 Horse Collar
14:16 Double-Bit Axe
16:23 Heavy Plow
19:11 Loom
19:38 Fletching
20:49 Bodkin Arrow
22:05 Wheelbarrow
22:24 Padded Archer Armor
22:32 Gold Mining
25:26 Hand Cart
27:28 Ballistics
27:06 Murder Holes
27:13 Stone Mining
28:02 Leather Archer Armor
28:38 Masonry
29:14 Scale Barding Armor
29:58 Treadmill Crane
44:06 Imperial Age
42:02 Bloodlines
44:30 Stone Shaft Mining
45:08 Husbandry
46:08 Chain Barding Armor
46:33 Forging
47:34 Gold Shaft Mining
48:34 Conscription
49:31 Iron Casting
49:32 Plate Barding Armor
48:56 Cavalier
49:03 Heavy Camel Rider
49:54 Bracer
50:20 Bow Saw
52:06 Blast Furnace
51:12 Maghrebi Camels
52:03 Crop Rotation
NSN WAJID
12:33 Feudal Age
10:48 Loom
13:56 Wheelbarrow
16:31 Castle Age
14:36 Horse Collar
14:48 Double-Bit Axe
15:08 Gold Mining
16:36 Wheelbarrow
19:09 Forging
24:42 Iron Casting
30:08 Imperial Age
29:44 Hand Cart
31:57 Pikeman
34:06 Gold Shaft Mining
33:43 Bow Saw
33:39 Heavy Plow
34:39 Squires
34:24 Arson
35:34 Halberdier
39:00 Chemistry
40:40 Stone Mining
41:54 Conscription
Wojtek
11:06 Feudal Age
15:15 Castle Age
13:45 Double-Bit Axe
13:41 Horse Collar
16:26 Bow Saw
16:18 Heavy Plow
18:46 Gold Mining
21:18 Wheelbarrow
20:18 Man-at-Arms
25:16 Long Swordsman
30:28 Scale Mail Armor
36:02 Squires
35:48 Gambesons
39:22 Chain Mail Armor
39:17 Forging
45:23 Iron Casting
Pampuliupampam
10:37 Feudal Age
13:25 Castle Age
12:11 Double-Bit Axe
13:13 Horse Collar
15:58 Bow Saw
19:12 Heavy Plow
21:17 Gold Mining
26:05 Wheelbarrow
25:20 Loom
26:07 Forging
26:02 Scale Barding Armor
25:50 Fletching
26:10 Stone Mining
26:55 Gold Shaft Mining
27:27 Bloodlines
27:18 Husbandry
28:43 Stone Shaft Mining
31:06 Imperial Age
30:08 Iron Casting
29:53 Chain Barding Armor
31:09 Bodkin Arrow
32:48 Coinage
33:33 Crop Rotation
33:38 Tusk Swords
33:19 Heavy Scorpion
34:54 Double Crossbow
36:24 Elite Battle Elephant
37:29 Conscription
39:56 Chemistry
40:11 Ballistics
42:27 Blast Furnace
42:02 Plate Barding Armor
42:02 Bracer
42:16 Fortified Wall
43:09 Light Cavalry
45:01 Hussar
Linfocito9533
9:44 Feudal Age
10:36 Double-Bit Axe
11:18 Horse Collar
19:27 Castle Age
17:27 Stone Mining
17:30 Gold Mining
19:22 Loom
21:13 Stone Shaft Mining
22:15 Bow Saw
24:32 Heavy Plow
32:48 Imperial Age
33:13 Gold Shaft Mining
34:41 Bloodlines
35:59 Husbandry
36:53 Conscription
37:30 Heavy Camel Rider
40:28 Scale Barding Armor
40:35 Forging
42:57 Iron Casting
42:44 Chain Barding Armor
50:05 Wheelbarrow
Just Hhiji
11:59 Feudal Age
15:37 Castle Age
13:52 Double-Bit Axe
14:04 Loom
14:12 Stone Mining
17:10 Bow Saw
17:48 Fletching
18:09 Town Watch
21:37 Horse Collar
23:26 Padded Archer Armor
25:16 Gold Mining
26:07 Bodkin Arrow
28:54 Wheelbarrow
33:56 Leather Archer Armor
37:07 Imperial Age
35:42 Town Patrol
40:30 Conscription
43:22 Hand Cart
43:55 Artillery
44:16 Elite Janissary
45:46 Bracer
47:06 Bombard Tower
Connection lost

Rejoining the realm…

Still unreachable

The connection could not be restored.

Session expired

The server has moved on; the page needs a fresh start.